 Dungeon Crawl Stone Soup version 0.23.2 (webtiles) character file.

Game seed: 8782057416154020152

100 Kairos the Skirmisher (level 5, -6/42 HPs)
             Began as a Formicid Abyssal Knight on Apr 10, 2019.
             Was a Follower of Lugonu.
             Killed by divine providence
             ... invoked by an orc priest
              (12 damage)
             ... on level 3 of the Dungeon.
             The game lasted 00:04:18 (2463 turns).

Kairos the Skirmisher (Formicid Abyssal Knight)     Turns: 2463, Time: 00:04:19

Health: -6/42      AC:  6    Str: 18    XL:     5   Next: 3%
Magic:  6/6        EV: 10    Int: 11    God:    Lugonu [*.....]
Gold:   157        SH:  3    Dex: 10    Spells: 4/4 levels left

rFire    . . .     SeeInvis +   a - +1 spear
rCold    . . .     Gourm    .   j - +0 buckler
rNeg     . . .     Faith    .   d - +1 ring mail
rPois    .         Spirit   .   (helmet unavailable)
rElec    .         Reflect  .   (no cloak)
rCorr    .         Harm     .   (no gloves)
MR       ++...                  (no boots)
Stlth    ..........             (no amulet)
HPRegen  0.14/turn              k - ring of teleportation (curse)
MPRegen  0.10/turn              (no ring)

@: no status effects
A: permanent stasis, dig shafts and tunnels, four strong arms, antennae 3,
hooves 1, magic resistance 2
a: Dig, Shaft Self, Depart the Abyss, Renounce Religion


You were on level 3 of the Dungeon.
You worshipped Lugonu.
Lugonu was aware of your devotion.
You were near starving.

You visited 1 branch of the dungeon, and saw 3 of its levels.
You visited the Abyss 1 time.

You collected 157 gold pieces.

Inventory:

Hand Weapons
 a - a +1 spear (weapon)
Armour
 b - a +0 leather armour
 d - a +1 ring mail (worn)
 j - a +0 buckler (worn)
Jewellery
 k - a cursed ring of teleportation (left hand)
Potions
 e - a potion of curing
 f - 2 potions of heal wounds
 g - a potion of brilliance {unknown}
 h - a potion of agility {unknown}
 l - a potion of flight {unknown}
Comestibles
 c - 7 rations


   Skills:
 + Level 4.0 Fighting
 + Level 3.3 Polearms
 + Level 3.0 Armour
 + Level 1.4 Dodging
 + Level 2.5 Invocations


You had 4 spell levels left.
You didn't know any spells.
Your spell library was empty.

Dungeon Overview and Level Annotations

Branches:
Dungeon (3/15)

Altars:
Hepliaklqana
Uskayaw
Vehumet


Innate Abilities, Weirdness & Mutations

You cannot be hasted, slowed, berserked, paralysed or teleported.
You can dig through walls and to a lower floor.
Your four strong arms can wield two-handed weapons with a shield.
You have a pair of large antennae on your head. (SInv)
You have large cloven feet.
You are highly resistant to hostile enchantments. (MR++)


Message History

You hit the orc priest but do no damage.
The orc priest is severely wounded.
The orc priest looks braver for a moment.
The orc barely misses you.
You barely miss the orc priest.
You kick the orc priest, but do no damage.
The orc priest is severely wounded.
The orc hits you but does no damage. You block the orc priest's attack.
You closely miss the orc priest.
The orc priest is severely wounded.
The orc priest hits you with a cursed -3 dagger.
* * * LOW HITPOINT WARNING * * *
The orc closely misses you.
You hit the orc priest but do no damage.
You kick the orc priest, but do no damage.
The orc priest is severely wounded.
The orc closely misses you.
The orc priest mumbles some strange prayers to Beogh against you.
Beogh smites you!
You die...

,,,,,** *,* ##.....## *,* *,,,**
#.# #.......# *,* **,** #.#
#.......# **,* *,* #.#
#.>.....#**,*, *,* #.#
##.....##*,*** *,* *** #.#
#....## *,,*, *,* **,#######.#
#.#### *,*,*
**,****,*......o.####.######*,***
*,,,,,,,,.....>o@(.)(........{***
,,,,,,,,,..##.###(###.#####..,,,*
*,,*****,*,**,* #.# #.# *,,,,,*
,*,** *,*,**,* #.# #.#****,,,,,,
***,** *,*,**,* #.# #..,,,,,,,,,*
* **,* *,*,**,**#.# ###****{,,,,*
***,** *,*,**,**..# **,,,,, ,*,**
*,,,**,**.## *,,,** ,,**
*,,***,**,* **,,,,


You could see an orc priest and an orc.

Vanquished Creatures
  An orc wizard (D:3)
  3 adders (D:2)
  A dart slug (D:2)
  A leopard gecko (D:3)
  3 orcs (D:3)
  5 bats
  4 giant cockroaches
  3 goblins
  3 hobgoblins
  3 quokkas
  3 frilled lizards (D:2)
  6 kobolds
  2 rats
38 creatures vanquished.

Notes
Turn   | Place    | Note
-------+----------+-------------------------------------------
     0 | Abyss:1  | Kairos the Formicid Abyssal Knight began the quest for the
                  | Orb.
     0 | Abyss:1  | Reached XP level 1. HP: 18/18 MP: 2/2
    84 | Abyss:1  | Noticed a ynoxinul
    93 | Abyss:1  | Noticed a wraith
   102 | Abyss:2  | Noticed a deep elf sorcerer
   111 | Abyss:3  | Noticed a hellwing
   118 | Abyss:3  | Noticed a Hell Sentinel
   120 | D:1      | Escaped the Abyss
   123 | D:1      | Gained mutation: You are resistant to hostile enchantments.
                  | (MR+) [potion of mutation]
   123 | D:1      | Gained mutation: You are highly resistant to hostile
                  | enchantments. (MR++) [potion of mutation]
   123 | D:1      | Gained mutation: You have large cloven feet. [potion of
                  | mutation]
  1133 | D:2      | Reached XP level 2. HP: 13/24 MP: 3/3
  1341 | D:2      | Reached XP level 3. HP: 25/30 MP: 4/4
  1465 | D:2      | Found a hide-covered altar of Uskayaw.
  1472 | D:2      | Reached * piety under Lugonu
  1514 | D:2      | Reached skill level 1 in Dodging
  1654 | D:2      | Found a radiant altar of Vehumet.
  1720 | D:2      | Reached XP level 4. HP: 28/37 MP: 5/5
  1820 | D:2      | Found a hazy altar of Hepliaklqana.
  2113 | D:3      | Reached skill level 4 in Fighting
  2210 | D:3      | Reached XP level 5. HP: 13/42 MP: 6/6
  2463 | D:3      | Killed from afar by an orc priest

Skill      XL: |  1  2  3  4 |
---------------+-------------+-----
Dodging        | 1 |  1.4
Fighting       | 4 |  4.0
Armour         | 3 |  3.0
Polearms       | 3 |  3.3
Invocations    | |  2.5

Action                   |  1- 3 |  4- 6 || total
-------------------------+-------+-------++-------
Melee: Spear             |    67 |    94 ||   161
       Kick              |    11 |    18 ||    29
Invok: Depart the Abyss  |     1 |       ||     1
 Abil: Dig               |     2 |       ||     2
  Use: Scroll            |     2 |     5 ||     7
       Potion            |     2 |       ||     2
  Eat: Chunk             |     2 |     1 ||     3
Armor: Ring mail         |    22 |    22 ||    44
       Leather armour    |     1 |       ||     1
Dodge: Dodged            |    37 |    42 ||    79
Block: Buckler           |       |     8 ||     8
